 Dungeon Crawl Stone Soup version 0.17.1-2-g5865329 (webtiles) character file.

4261 Jerry the Covert (level 10, -4/103 HPs)
             Began as an Octopode Fighter on Jan 24, 2016.
             Was an Elder of Cheibriados (penitent).
             Slain by a killer bee (10 damage)
             ... on level 8 of the Dungeon.
             The game lasted 00:46:05 (6779 turns).

Jerry the Covert (Octopode Fighter)                 Turns: 6779, Time: 00:46:06

Health: -4/103     AC:  7    Str: 21    XL:     10   Next: 31%
Magic:  13/13      EV: 15    Int: 10    God:    Cheibriados [*]
Gold:   112        SH: 12    Dex: 15    Spells: 0 memorised, 9 levels left

rFire  . . .     SeeInvis .     E - +0 long sword (protect)
rCold  . . .     Clarity  .     b - +1 shield
rNeg   . . .     SustAt   +     (helmet restricted)
rPois  .         Gourm    .     K - amulet of regeneration
rElec  .         Spirit   .     k - +6 ring of slaying
rCorr  .         Warding  .     y - +1 ring of protection
rMut   .         Stasis   .     l - ring of sustain attributes
MR     .....                    (no ring)
Stlth  ..........               (no ring)
                                (no ring)
                                (no ring)
                                (no ring)

@: berserking, lethally poisoned (-4 -> -42), very slow, not resistant to
hostile enchantments, extremely unstealthy
A: almost no armour, amphibious, 8 rings, constrict 8, camouflage 1, gelatinous
body 1
a: Renounce Religion


You were on level 8 of the Dungeon.
You worshipped Cheibriados.
Cheibriados was demanding penance.
You were not hungry.

You visited 2 branches of the dungeon, and saw 9 of its levels.
You also visited: Ossuary.

You collected 532 gold pieces.
You spent 420 gold pieces at shops.

Inventory:

Hand Weapons
 o - a +4 scimitar of flaming
 E - a +0 long sword of protection (weapon)
 M - a +3 hunting sling of evasion
Missiles
 u - 88 sling bullets
Armour
 b - a +1 shield (worn)
Jewellery
 k - a +6 ring of slaying (left tentacle)
 l - a ring of sustain attributes (on tentacle)
 y - a +1 ring of protection (right tentacle)
 K - an amulet of regeneration (around mantle)
Wands
 x - a wand of confusion (24)
 D - a wand of frost (20)
 N - a wand of digging (9)
Scrolls
 e - 5 scrolls of remove curse
 g - 2 scrolls of teleportation
 j - a scroll of amnesia
 n - 3 scrolls of identify
 s - 3 scrolls of magic mapping
 v - 2 scrolls of enchant weapon
 G - 2 scrolls of recharging
 J - a scroll of blinking {unknown}
Potions
 c - 2 potions of might
 f - 4 potions of haste
 h - 13 potions of curing
 i - 2 potions of heal wounds
 q - 2 potions of lignification
 r - 2 potions of degeneration
 t - 3 potions of brilliance
 w - a potion of ambrosia
 F - a potion of agility
 I - a potion of cure mutation {unknown}
 O - 2 potions of poison {unknown}
Comestibles
 d - 9 bread rations
 m - a meat ration
 z - 3 beef jerkies
 H - 7 fruits
 L - a slice of pizza


   Skills:
 + Level 6.8 Fighting
 + Level 6.4 Long Blades
 + Level 7.0 Dodging
 + Level 8.4 Stealth
 + Level 7.1 Shields
 + Level 5.1 Invocations


You had 9 spell levels left.
You didn't know any spells.

Dungeon Overview and Level Annotations

Branches:
Dungeon (8/15)             Temple (1/1) D:7
   Lair: D:8-11

Altars:
Ashenzari
Cheibriados
Dithmenos
Elyvilon
Fedhas
Gozag
Kikubaaqudgha
Makhleb
Nemelex Xobeh
Okawaru
Qazlal
Ru
Sif Muna
Trog
Vehumet
Xom
Yredelemnul
Zin
The Shining One

Shops:
D:8 =?


Innate Abilities, Weirdness & Mutations

You cannot wear most types of armour.
You are amphibious.
You can wear up to eight rings at the same time.
You can use your tentacles to constrict eight enemies at once.
Your skin changes colour to match your surroundings (Stealth).
Your rubbery body absorbs attacks (AC +1).


Message History

* * * LOW HITPOINT WARNING * * *
You are more poisoned.
The killer bee poisons you! The killer bee closely misses you.
The killer bee closely misses you.
A killer bee comes into view.
You are too berserk!
You closely miss the killer bee.
The killer bee buzzes angrily.
Your grab misses the killer bee.
* * * LOW HITPOINT WARNING * * *
You feel very sick.
The killer bee stings you but does no damage.
You block the killer bee's attack. The killer bee stings you.
* * * LOW HITPOINT WARNING * * *
The killer bee barely misses you. You block the killer bee's attack.
The killer bee stings you.
* * * LOW HITPOINT WARNING * * *
The killer bee stings you but does no damage.
You block the killer bee's attack. The killer bee stings you!
You die...

#####...........# ...
................# ..
................# .
................#
................#
................#########.
..........................
†...............yy†.......
[..........#####@yy.......
...........+ #yyy.......
###+#......# #yyy.......
####### #yy........
#.......... #.†....<...
#(...y..... #..........
#..........


You could see a queen bee and 12 killer bees.

Vanquished Creatures
  Erica (D:8)
  Joseph (D:8)
  Grinder (D:5)
  A mottled dragon (D:7)
  A steam dragon (D:8)
  Duvessa (D:5)
  An orc warrior (D:8)
  A necrophage (D:7)
  4 centaurs
  A phantom (D:6)
  2 ogres
  A crocodile (D:8)
  4 giant frogs
  Dowan (D:5)
  7 scorpions
  A wyvern skeleton (D:6)
  5 killer bees (D:8)
  3 crimson imps
  A centaur skeleton (D:6)
  An orc priest (D:5)
  Ijyb (D:3)
  5 orc wizards
  6 worker ants
  A giant frog skeleton (D:6)
  A hound (D:5)
  2 iguanas (D:8)
  3 big kobold zombies (Ossuary)
  A hound zombie (D:7)
  3 mummies (Ossuary)
  14 adders
  7 scorpion zombies (Ossuary)
  3 shadow imps (D:5)
  4 adder skeletons
  A worm (D:3)
  5 giant geckos
  18 orcs
  A ball python (D:4)
  7 giant cockroaches
  2 gnoll zombies (Ossuary)
  6 goblins
  4 hobgoblins
  7 jackals
  3 kobolds (D:1)
  7 quokkas
  10 bats
  A giant cockroach zombie (D:6)
  A giant gecko skeleton (D:6)
  3 giant newts
  3 goblin zombies (Ossuary)
  2 jackal skeletons
  A jackal zombie (D:8)
  An orc zombie (Ossuary)
  A quokka zombie (D:7)
  3 rats
177 creatures vanquished.

Notes
Turn   | Place    | Note
--------------------------------------------------------------
     0 | D:1      | Jerry the Octopode Fighter began the quest for the Orb.
     0 | D:1      | Reached XP level 1. HP: 16/16 MP: 1/1
   102 | D:1      | Reached skill level 1 in Stealth
   296 | D:1      | Reached XP level 2. HP: 18/21 MP: 2/2
   613 | D:1      | Reached XP level 3. HP: 26/26 MP: 3/3
   922 | D:2      | Reached XP level 4. HP: 31/31 MP: 4/4
  1777 | D:3      | Found a shimmering altar of Xom.
  1777 | D:3      | Found a shimmering altar of Xom.
  1788 | D:3      | Found a shimmering altar of Xom.
  1812 | D:3      | Found a shimmering altar of Xom.
  1813 | D:3      | Found a shimmering altar of Xom.
  1813 | D:3      | Found a shimmering altar of Xom.
  1826 | D:3      | Found a shimmering altar of Xom.
  1887 | D:3      | Found a basalt altar of Yredelemnul.
  1927 | D:3      | Found a shimmering altar of Xom.
  1976 | D:3      | Noticed Ijyb
  1983 | D:3      | Killed Ijyb
  1983 | D:3      | Reached XP level 5. HP: 33/36 MP: 5/5
  2056 | D:3      | Found a sparkling altar of Nemelex Xobeh.
  2056 | D:3      | Found a snail-covered altar of Cheibriados.
  2061 | D:3      | Became a worshipper of Cheibriados the Contemplative
  2465 | D:4      | Found a sand-covered staircase.
  2499 | Ossuary  | Entered an ossuary
  2515 | Ossuary  | Reached skill level 4 in Shields
  2587 | Ossuary  | Reached XP level 6. HP: 36/43 MP: 6/6
  3191 | Ossuary  | Reached XP level 7. HP: 48/48 MP: 7/7
  3710 | D:4      | Reached * piety under Cheibriados
  3754 | D:5      | Entered Level 5 of the Dungeon
  3880 | D:5      | Reached skill level 5 in Shields
  3895 | D:5      | Reached skill level 5 in Stealth
  3938 | D:5      | Reached XP level 8. HP: 33/54 MP: 8/8
  4069 | D:5      | Noticed Duvessa
  4075 | D:5      | Noticed Dowan
  4077 | D:5      | Noticed Grinder
  4079 | D:5      | Killed Duvessa
  4079 | D:5      | Reached skill level 1 in Invocations
  4084 | D:5      | Killed Grinder
  4084 | D:5      | Reached skill level 5 in Fighting
  4084 | D:5      | Reached skill level 5 in Dodging
  4087 | D:5      | Killed Dowan
  4230 | D:5      | Found a radiant altar of Vehumet.
  4304 | D:5      | Reached ** piety under Cheibriados
  4453 | D:5      | Reached skill level 6 in Stealth
  4896 | D:5      | Reached skill level 5 in Long Blades
  5020 | D:6      | Reached XP level 9. HP: 59/61 MP: 9/11
  5150 | D:6      | Found an opulent altar of Gozag.
  5182 | D:6      | Reached *** piety under Cheibriados
  5743 | D:7      | Reached skill level 7 in Stealth
  6012 | D:7      | Found a staircase to the Ecumenical Temple.
  6020 | Temple   | Entered the Ecumenical Temple
  6262 | D:8      | Noticed Erica
  6267 | D:8      | Killed Erica
  6267 | D:8      | Reached skill level 8 in Stealth
  6359 | D:8      | Reached **** piety under Cheibriados
  6375 | D:8      | Reached XP level 10. HP: 69/69 MP: 13/13
  6385 | D:8      | Found Qoevaoq's Jewellery Shop.
  6392 | D:8      | Bought an uncursed amulet of regeneration for 420 gold pieces
  6640 | D:8      | Found Fyroimom's Magic Scroll Shop.
  6716 | D:8      | Noticed Joseph
  6724 | D:8      | Killed Joseph
  6724 | D:8      | Reached skill level 5 in Invocations
  6778 | D:8      | Was placed under penance by Cheibriados
  6779 | D:8      | Slain by a killer bee

Action                   |  1- 3 |  4- 6 |  7- 9 | 10-12 || total
-------------------------+-------+-------+-------+-------++-------
Melee: Long sword        |    45 |    89 |   135 |     1 ||   270
       Scimitar          |       |       |     8 |    37 ||    45
 Fire: Hunting sling     |       |       |       |     1 ||     1
Invok: Bend Time         |       |       |     2 |       ||     2
  Use: Scroll            |       |       |    19 |       ||    19
       Potion            |       |       |       |     3 ||     3
 Stab: Sleeping          |    10 |    11 |    18 |     5 ||    44
  Eat: Chunk             |       |     3 |     7 |       ||    10
       Bread ration      |       |     1 |       |       ||     1
